 Dungeon Crawl Stone Soup version 0.27.1-3-gb3d3a73c9e (webtiles) character file.

Game seed: 4229048549805365416

97 12sPaWn12 the Covered (level 4, -11/29 HPs)
             Began as a Gargoyle Fighter on Oct 11, 2021.
             Killed by divine providence
             ... invoked by an orc priest
              (14 damage)
             ... on level 3 of the Dungeon.
             The game lasted 00:04:12 (2204 turns).

12sPaWn12 the Covered (Gargoyle Fighter)            Turns: 2204, Time: 00:04:12

Health: -11/29     AC: 15    Str: 20    XL:     4   Next: 68%
Magic:  4/4        EV:  7    Int:  9    God:
Gold:   719        SH:  9    Dex:  9    Spells: 3/3 levels left

rFire    . . .     SeeInvis .   a - +0 flail
rCold    . . .     Faith    .   c - +0 kite shield
rNeg     + . .     Spirit   .   b - +0 scale mail
rPois    ∞         Reflect  .   (no helmet)
rElec    +         Harm     .   (no cloak)
rCorr    .         Rampage  .   k - +0 pair of gloves
Will     .....                  f - +2 pair of boots
Stlth    ..........             (no amulet)
HPRegen  0.09/turn              (no ring)
MPRegen  0.09/turn              (no ring)

@: no status effects
A: sickness immunity, AC +3, negative energy resistance 1, electricity
resistance, torment resistance 1, petrification resistance
a: no special abilities


You were on level 3 of the Dungeon.
You visited 1 branch of the dungeon, and saw 3 of its levels.

You collected 719 gold pieces.

Inventory:

Hand Weapons
 a - a +0 flail (weapon)
Armour
 b - a +0 scale mail (worn)
 c - a +0 kite shield (worn)
 f - a +2 pair of boots (worn)
 k - a +0 pair of gloves (worn)
Scrolls
 h - 2 scrolls of teleportation
Potions
 d - a potion of might
 j - a potion of brilliance {unknown}


   Skills:
 * Level 3.8 Fighting
 * Level 3.2 Maces & Flails
 * Level 4.0 Armour
 * Level 3.9 Shields


You had 3 spell levels left.
You didn't know any spells.
Your spell library was empty.

Dungeon Overview and Level Annotations

Branches:
Dungeon (3/15)

Altars:

Shops:
D:1 =


Innate Abilities, Weirdness & Mutations

You are immune to sickness and miasma.
Your stone body is resilient. (AC +3)
You are immune to poison.
You resist negative energy. (rN+)
You are resistant to electric shocks. (rElec)
You are resistant to unholy torment.
You are immune to petrification.


Message History

Items here: ††††.
You barely miss the hobgoblin. The hobgoblin completely misses you.
The hobgoblin hits you.
* * * LOW HITPOINT WARNING * * *
You hit the hobgoblin.
The hobgoblin is almost dead.
The hobgoblin hits you but does no damage.
You hit the hobgoblin.
You kill the hobgoblin!
You now have 719 gold pieces (gained 8).
You see here 16 stones.
You see here 16 stones.
Found a stone staircase leading down.
A rat comes into view.
You hit the rat.
You kill the rat!
You see here a rat corpse.
You hear the rusting of a distant drain.
You see here a rat corpse.
Found a glowing hand axe.
A giant cockroach comes into view.
You completely miss the giant cockroach.
The giant cockroach bites you but does no damage.
The giant cockroach closely misses you.
You sock the giant cockroach!
You kill the giant cockroach!
You see here a giant cockroach corpse.
An orc priest comes into view. It is wielding a +0 mace.
The orc priest shouts!
Found a robe.
An orc warrior and an orc priest come into view.
The orc warrior shouts!
The orc priest shouts!
You completely miss the orc warrior. The orc warrior closely misses you.
You block the orc warrior's attack.
You closely miss the orc warrior.
The orc warrior hits you with a +0 flail!
* * * LOW HITPOINT WARNING * * *
The orc priest calls down the wrath of Beogh upon you.
Beogh smites you!
You die...

#.# ##.##
#..)####
.......#
#...##.#
##.###.# ...#
#.# ######.##
######## #
#...## #....@.#
#
#.###†###o####o#
#.# ##.##.# .#
#.# ##.#.# o# #.
#...# .# #
#....# ..
#.###.# #. #..
o# . .... ..


You could see an orc warrior and 2 orc priests.

Vanquished Creatures
  Natasha (D:3)
  3 adders (D:2)
  A dart slug (D:1)
  5 endoplasms
  4 giant cockroaches
  5 goblins
  2 hobgoblins
  4 jackals (D:3)
  3 kobolds
  A quokka (D:1)
  4 ball pythons
  4 bats
  4 frilled lizards
  3 rats
44 creatures vanquished.

Notes
Turn   | Place    | Note
-------+----------+-------------------------------------------
     0 | D:1      | 12sPaWn12 the Gargoyle Fighter began the quest for the Orb.
     0 | D:1      | Reached XP level 1. HP: 14/14 MP: 1/1
    90 | D:1      | Found a faded altar of an unknown god.
    99 | D:1      | Reached XP level 2. HP: 5/19 MP: 2/2
   417 | D:1      | Found Igatrery's Jewellery Shop.
  1207 | D:2      | Reached XP level 3. HP: 18/23 MP: 3/3
  1561 | D:2      | Reached XP level 4. HP: 20/29 MP: 4/4
  1904 | D:3      | Identified a scroll of acquirement
  1904 | D:3      | Acquired 652 gold pieces
  2081 | D:3      | Noticed Natasha
  2104 | D:3      | Reached skill level 4 in Armour
  2125 | D:3      | Killed Natasha
  2202 | D:3      | Noticed an orc warrior
  2204 | D:3      | Killed from afar by an orc priest

Illustrated notes

Levels and vault maps discovered:
D:1:      psy_arrival_radial02, layout_basic, basic_ecumenical_altar,
          serial_forest, infiniplex_forest_zigzag_1, infiniplex_forest_zigzag_2,
          infiniplex_forest_straight_4, infiniplex_forest_straight_4,
          infiniplex_forest_zigzag_2, infiniplex_forest_fountain, serial_shops,
          shop_fountains
D:2:      layout_basic, minmay_liquid_box
D:3:      layout_loops_ring, portal_sewer_entry_b, kennysheep_generic_room_8,
          uniq_natasha

Skill      XL: |  1  2  3  4 |
---------------+-------------+-----
Maces & Flails | 3 |  3.2
Armour         | 4 |  4.0
Fighting       | |  3.8
Shields        | |  3.9

Action                   |  1- 3 |  4- 6 || total
-------------------------+-------+-------++-------
Melee: Flail             |   103 |    85 ||   188
  Use: Scroll            |       |     4 ||     4
Armor: Scale mail        |    70 |    50 ||   120
Dodge: Dodged            |    35 |    31 ||    66
Block: Kite shield       |    53 |    40 ||    93
